Map: 2000 Atmospheres LE

Players

Seither - Winner!

  • Race: Terran Terran

Raza

  • Race: Terran Terran

Event: DreamHack SC2 Masters 2021 Winter

VOD

Have the link to the VOD?

Description

Time

  • Played on: Oct. 1, 2021, 6:04 a.m.
  • Length: 16:19

All games in this series

Show
View Real Time Build Order
Export as new Build Order

Seither Terran - Winner!

Build Orders:  

Get SALT Encoding   

  12  0:00  SCV  
  13  0:12  SCV  
  14  0:18  Supply Depot  
  14  0:24  SCV  
  15  0:40  SCV, Barracks  
  16  0:45  Refinery  
  16  0:52  SCV  
  16  0:56  Refinery  
  18  1:04  SCV  
  18  1:16  SCV  
  19  1:28  Reaper  
  19  1:29  Supply Depot, Orbital Command  
  20  1:43  Factory  
  20  1:55  SCV  
  20  2:00  Reaper  
  22  2:07  SCV  
  23  2:19  SCV  
  24  2:25  Command Center  
  24  2:30  Hellion  
  24  2:32  SCV  
  27  2:38  Barracks Reactor  
  27  2:40  Supply Depot  
  27  2:44  SCV  
  28  2:51  Starport  
  28  2:53  Factory Tech Lab  
  28  2:58  SCV  
  29  3:10  SCV  
  29  3:12  Cyclone  
  33  3:15  Marine x2  
  35  3:21  Refinery  
  35  3:23  SCV  
  36  3:33  Starport Tech Lab  
  35  3:34  Marine x2  
  35  3:37  SCV  
  35  3:38  Orbital Command  
  41  3:51  Raven  
  41  3:55  Marine x2  
  42  3:56  SCV  
  42  4:01  Supply Depot  
  43  4:05  SCV  
  43  4:07  Siege Tank  
  43  4:08  SCV  
  48  4:14  Marine x2  
  51  4:17  SCV  
  51  4:23  SCV  
  52  4:29  SCV  
  53  4:32  Marine x2  
  53  4:33  Supply Depot  
  53  4:35  SCV  
  53  4:37  Raven  
  58  4:41  SCV  
  59  4:47  SCV  
  59  4:49  Marine  
  59  4:50  Marine  
  62  4:55  SCV, Siege Tank  
  62  4:56  Supply Depot  
  62  4:59  SCV  
  67  5:07  SCV  
  67  5:11  SCV  
  69  5:16  Command Center  
  69  5:19  SCV  
  70  5:23  SCV  
  70  5:28  Siege Tank  
  74  5:30  Viking  
  74  5:31  SCV  
  77  5:35  Supply Depot  
  77  5:36  SCV  
  77  5:37  Refinery  
  77  5:42  Supply Depot  
  78  5:50  Stimpack  
  78  5:57  SCV x2, Viking, Marine, Barracks  
  78  5:59  Barracks  
  78  6:03  Supply Depot  
  83  6:05  Siege Tank  
  83  6:09  SCV x2  
  88  6:17  Marine  
  89  6:21  SCV x2, Engineering Bay  
  89  6:22  Engineering Bay  
  91  6:27  Supply Depot  
  91  6:31  Viking  
  91  6:33  SCV x2  
  91  6:35  Marine  
  91  6:36  SCV  
  93  6:41  Siege Tank  
  93  6:45  SCV x2  
  98  6:52  SCV  
  94  6:57  SCV  
  94  6:59  SCV  
  92  7:02  Viking x2  
  92  7:04  SCV, Marine  
  97  7:08  Marine x2  
  99  7:21  Marine  
  88  7:23  Siege Tank  
  88  7:24  SCV  
  88  7:25  SCV  
  85  7:35  SCV  
  85  7:37  SCV  
  73  7:38  SCV  
  68  7:51  Viking  
  68  7:53  Orbital Command  
  68  7:54  SCV x2  
  68  8:06  Siege Tank  
  68  8:07  Combat Shield, Marine x2  
  68  8:08  Marine  
  74  8:19  SCV x3  
  75  8:25  Medivac  
  78  8:27  Barracks Reactor  
  78  8:29  Orbital Command  
  78  8:31  SCV x2  
  79  8:34  Barracks Reactor  
  79  8:37  Barracks  
  79  8:39  Supply Depot, Barracks  
  79  8:42  Supply Depot  
  79  8:44  SCV x2  
  79  8:45  Siege Tank  
  79  8:46  Marine  
  85  8:53  Supply Depot  
  85  8:56  SCV  
  85  8:57  SCV  
  85  8:58  SCV  
  85  9:00  Medivac  
  90  9:04  Marine  
  90  9:08  SCV  
  90  9:09  SCV  
  93  9:11  SCV  
  93  9:15  Marine x3  
  93  9:16  Marine  
  98  9:22  Marine  
  94  9:27  Orbital Command  
  94  9:29  Viking, Marine  
  94  9:30  Viking  
  98  9:31  SCV  
  98  9:37  Orbital Command  
  98  9:39  Marine  
  95  9:54  Marine x3  
  95  9:57  Siege Tank  
  101  10:03  Marine  
  101  10:04  Marine x2  
  104  10:07  SCV x2  
  104  10:12  Marine  
  104  10:13  Marine x2  
  108  10:22  Marine x4  
  108  10:26  Orbital Command  
  106  10:34  Marine x2  
  106  10:35  Marine  
  93  10:37  Medivac x2  
  93  10:40  Marine x4  
  93  10:42  SCV x2  
  102  10:52  Marine x2  
  102  10:53  Sensor Tower  
  102  10:54  SCV x2  
  105  10:58  Marine x3  
  105  10:59  Barracks Reactor x2  
  105  11:02  Armory  
  108  11:05  Missile Turret  
  108  11:08  SCV x3  
  108  11:10  Marine  
  111  11:16  Marine x4  
  114  11:28  Marine  
  92  11:33  Marine  
  92  11:34  Marine x3  
  84  11:44  Siege Tank  
  84  11:46  Marine  
  82  11:48  Medivac  
  82  11:50  Marine x3  
  87  11:55  Orbital Command  
  87  12:10  Liberator, Marine x6  
  87  12:11  Marine  
  97  12:26  Supply Depot  
  97  12:27  Supply Depot  
  97  12:44  Siege Tank, Marine  
  97  12:45  Engineering Bay  
  97  12:46  Engineering Bay  
  97  12:47  Marine x3  
  104  12:51  Supply Depot  
  104  13:04  Marine x6  
  104  13:05  Orbital Command  
  110  13:08  SCV, Refinery x2  
  111  13:16  Siege Tank  
  114  13:24  Marine x5  
  114  13:25  Marine x2  
  114  13:27  Terran Infantry Weapons Level 1, Terran Infantry Armor Level 1  
  101  13:47  Marine x5  
  106  13:59  SCV x2  
  108  14:02  Marine  
  108  14:03  Siege Tank, Marine x3  
  115  14:13  Marine x5  
  120  14:20  Marine x3  
  123  14:25  SCV x2  
  123  14:27  SCV  
  123  14:36  Marine x2  
  123  14:38  Marine  
  125  14:39  Supply Depot x2  
  125  14:41  SCV, Siege Tank, Marine x3  
  132  14:48  Marine  
  133  14:56  Supply Depot, Refinery  
  133  14:57  Supply Depot, SCV x3, Refinery, Marine x3  
  119  15:10  Marine x6  
  124  15:15  Marine x3  
  124  15:18  Siege Tank  
  130  15:28  Marine x5  
  132  15:30  Medivac  
  134  15:45  Supply Depot  
  134  15:50  Marine  
  134  15:51  Marine  
Show
View Real Time Build Order
Export as new Build Order

Raza Terran 

Build Orders: Cyclone Opening 

Get SALT Encoding   

  12  0:00  SCV  
  13  0:12  SCV  
  14  0:17  Supply Depot  
  14  0:24  SCV  
  15  0:38  SCV  
  15  0:39  Barracks  
  16  0:43  Refinery  
  16  0:50  SCV  
  16  0:53  Refinery  
  17  1:03  SCV  
  18  1:15  SCV  
  19  1:26  Reaper  
  19  1:28  Supply Depot  
  19  1:31  Orbital Command  
  20  1:44  Factory  
  20  1:57  SCV  
  20  1:58  Reaper  
  22  2:10  SCV  
  23  2:22  SCV  
  24  2:25  Command Center  
  24  2:27  Factory Tech Lab  
  24  2:31  Barracks Reactor  
  24  2:35  SCV  
  25  2:37  Supply Depot  
  25  2:45  Cyclone  
  25  2:48  SCV  
  29  3:00  SCV  
  30  3:07  Starport, Marine x2  
  32  3:13  SCV  
  33  3:20  Refinery  
  33  3:24  Cyclone  
  33  3:25  SCV  
  33  3:26  Marine  
  38  3:34  Marine  
  36  3:37  Orbital Command  
  36  3:39  SCV  
  38  3:45  Medivac  
  38  3:48  Marine  
  40  3:51  SCV  
  40  3:52  Marine  
  43  3:57  Supply Depot  
  43  4:02  Siege Tank  
  46  4:05  SCV  
  46  4:09  SCV  
  48  4:11  Marine  
  48  4:12  Marine  
  50  4:27  SCV x2  
  52  4:33  Supply Depot  
  52  4:34  Marine x2  
  54  4:39  SCV  
  54  4:40  SCV, Factory Tech Lab  
  56  4:46  Raven  
  56  4:51  SCV  
  56  4:52  SCV  
  60  4:56  Marine x2  
  60  4:59  Supply Depot  
  62  5:00  Siege Tank  
  62  5:03  SCV  
  62  5:04  SCV  
  62  5:06  Supply Depot  
  67  5:17  SCV, Command Center  
  67  5:19  Marine x2  
  70  5:23  SCV  
  71  5:29  Raven  
  71  5:32  SCV, Siege Tank  
  77  5:36  SCV  
  77  5:37  Marine x2  
  80  5:44  SCV  
  81  5:50  Refinery  
  81  5:51  Engineering Bay x2  
  81  5:55  SCV  
  82  5:59  Barracks  
  82  6:03  Barracks  
  82  6:05  SCV  
  82  6:10  Siege Tank  
  86  6:13  Supply Depot  
  86  6:18  Stimpack  
  86  6:23  Terran Infantry Weapons Level 1  
  86  6:24  Terran Infantry Armor Level 1  
  86  6:26  Starport Reactor  
  86  6:27  Marine  
  86  6:28  SCV  
  86  6:30  SCV  
  86  6:31  Orbital Command  
  88  6:43  Barracks  
  88  6:45  Marine  
  88  6:46  Barracks  
  89  6:52  Siege Tank  
  82  6:54  Marine x3  
  82  7:03  Marine  
  82  7:06  SCV  
  81  7:12  Marine x3  
  83  7:20  Marine  
  71  7:25  Siege Tank  
  58  7:30  Marine x3  
  46  7:38  Marine  
  40  7:46  Marine x2  
  40  7:47  Marine  
  40  7:48  Marine x2  
  42  7:54  SCV  
  42  7:56  Marine  
  42  7:58  Combat Shield  
  44  8:04  Marine  
  44  8:09  Medivac  
  44  8:10  Medivac  
  44  8:11  Marine  
  44  8:12  Marine  
  50  8:18  Siege Tank  
  53  8:20  SCV  
  53  8:22  SCV x2  
  53  8:25  Marine  
  53  8:26  Marine  
  58  8:29  Marine  
  58  8:31  Marine  
  58  8:32  SCV  
  58  8:33  Marine x2  
  63  8:35  SCV  
  63  8:36  SCV  
  67  8:44  SCV, Armory  
  67  8:47  SCV  
  68  8:48  Medivac  
  68  8:50  Medivac  
  68  8:51  SCV  
  68  8:53  Barracks Reactor x2  
  72  8:57  Siege Tank  
  72  8:58  SCV  
  72  8:59  SCV  
  72  9:02  Refinery  
  77  9:06  Supply Depot  
  77  9:07  Marine  
  77  9:08  Marine  
  76  9:10  Marine x2  
  72  9:25  Medivac x2, Marine x2  
  72  9:28  Marine x2  
  80  9:37  Siege Tank  
  83  9:40  Marine x3  
  83  9:42  Marine  
  89  9:46  Marine x2  
  91  9:57  Marine  
  91  9:58  Marine x2  
  92  10:00  Terran Infantry Weapons Level 2, Marine  
  92  10:04  Marine x2  
  94  10:14  Siege Tank  
  96  10:15  Marine x2  
  96  10:16  Marine  
  96  10:18  Marine  
  92  10:29  Orbital Command  
  92  10:33  Marine x3  
  92  10:42  Terran Infantry Armor Level 2  
  90  10:50  SCV  
  90  10:52  Marine x3  
  90  10:53  Marine  
  95  10:59  SCV x2  
  98  11:06  SCV, Marine  
  98  11:08  Barracks Reactor  
  98  11:10  Marine x2  
  101  11:12  Marine  
  101  11:13  Marine  
  98  11:30  Siege Tank  
  98  11:32  Marine x3  
  92  11:37  Marine x2  
  81  11:48  Marine x2  
  81  11:49  Marine  
  81  11:50  Marine  
  85  11:55  Marine x2  
  85  11:58  SCV  
  85  12:04  Marine  
  85  12:05  Marine  
  87  12:09  Marine  
  87  12:10  Marine  
  87  12:13  Marine  
  90  12:17  Marine  
  91  12:26  Marine x3  
  94  12:33  Marine x3  
  94  12:34  SCV  
  96  12:37  Marine  
  96  12:44  Marine x2  
  97  12:45  SCV x2  
  97  12:52  Siege Tank, Marine x2  
  97  12:53  Marine  
  97  12:58  Marine x2  
  103  13:02  Marine  
  103  13:03  Marine  
  107  13:10  Marine  
  107  13:12  Marine x2  
  96  13:16  Marine x2  
  96  13:19  Marine  
  89  13:22  Marine  
  89  13:24  Siege Tank  
  89  13:26  Refinery  
  94  13:27  Refinery  
  94  13:28  Marine  
  95  13:35  Medivac  
  79  13:42  Marine x6  
  79  13:46  Marine  
  83  13:51  SCV  
  83  13:53  Medivac  
  86  13:59  Marine  
  86  14:00  Marine x2  
  89  14:04  SCV x2, Barracks  
  89  14:05  SCV  
  89  14:06  Refinery  
  92  14:10  Medivac  
  92  14:16  SCV x2  
  96  14:21  Siege Tank  
  96  14:22  Marine  
  100  14:24  Marine  
  100  14:28  Marine  
  102  14:34  Marine  
  103  14:40  Medivac x2  
  103  14:44  Marine x2  
  109  14:52  Marine  
  109  14:53  Marine  
  109  14:57  Siege Tank  
  107  15:00  Marine  
  107  15:03  Marine  
  109  15:07  Marine x2  
  109  15:12  Marine x3  
  110  15:18  Marine  
  111  15:21  Marine  
  111  15:23  Medivac x2  
  111  15:25  Marine  
  111  15:27  Marine  
  117  15:30  Marine  
  117  15:31  Marine  
  117  15:32  Marine  
  97  15:35  Marine  
  97  15:39  Marine  
  99  15:43  Marine  
  99  15:45  Marine  
  99  15:47  Marine  
  102  15:52  Marine x2  
  102  15:53  Marine  
  95  15:57  Marine  
  87  16:01  Marine  

Tags
 
Add a new tag
Caveats
  • Supply blocks, unpowered buildings, or Contaminate may cause inaccurate times.
  • Supply counts are checked every 10 seconds.